Map: Reclamation LE

Players

jackmez

  • Race: Protoss Protoss
  • League: Gold
  • Spawn Location: 11:00

NephrenKa

  • Race: Terran Terran
  • Spawn Location: 12:00

Ekelpack - Winner!

  • Race: Zerg Zerg
  • Spawn Location: 5:00

Nyck - Winner!

  • Race: Terran Terran
  • Spawn Location: 6:00

VOD

Have the link to the VOD?

Description

Time

  • Played on: Oct. 2, 2024, 3:19 p.m.
  • Length: 15:50
Show
View Real Time Build Order
Export as new Build Order

jackmez Protoss 

Build Orders:  

Get SALT Encoding   

  12  0:00  Probe  
  13  0:12  Probe  
  14  0:20  Pylon  
  14  0:24  Probe  
  15  0:39  Gateway  
  15  0:41  Probe (Chrono Boost)  
  16  0:46  Assimilator  
  16  0:51  Probe (Chrono Boost)  
  16  0:56  Probe (Chrono Boost)  
  18  1:07  Pylon  
  18  1:08  Probe (Chrono Boost)  
  19  1:20  Probe (Chrono Boost)  
  20  1:27  Probe (Chrono Boost)  
  20  1:28  Cybernetics Core  
  21  1:34  Assimilator, Probe  
  22  1:44  Gateway  
  22  1:46  Probe  
  23  1:52  Zealot  
  25  2:10  Gateway  
  25  2:25  Zealot, Twilight Council  
  25  2:26  Warp Gate  
  27  2:31  Zealot  
  29  2:40  Forge  
  29  2:49  Probe  
  30  2:55  Pylon  
  30  3:02  Charge (Chrono Boost)  
  30  3:13  Zealot  
  30  3:14  Zealot  
  30  3:15  Zealot  
  36  3:35  Protoss Ground Weapons Level 1  
  36  3:36  Gateway  
  36  3:49  Zealot  
  38  4:14  Pylon  
  38  4:21  Nexus  
  38  4:29  Pylon  
  38  4:32  Zealot  
  32  5:30  Stalker  
  32  5:31  Stalker x3  
  38  5:38  Probe  
  37  5:44  Gateway  
  37  5:46  Gateway  
  37  5:48  Probe  
  38  5:50  Probe  
  38  5:53  Stargate  
  35  6:00  Probe  
  35  6:03  Probe, Protoss Shields Level 1 (Chrono Boost)  
  37  6:12  Probe  
  37  6:15  Probe  
  39  6:18  Robotics Facility  
  39  6:22  Pylon  
  37  6:27  Probe  
  37  6:31  Stalker x2  
  23  6:54  Stalker  
  23  6:55  Stalker x2  
  17  7:09  Probe  
  18  7:32  Probe  
  19  7:54  Probe (Chrono Boost)  
  19  7:55  Probe (Chrono Boost)  
  21  8:04  Probe (Chrono Boost)  
  21  8:05  Probe (Chrono Boost)  
  23  8:14  Probe  
  24  8:29  Probe  
  24  8:30  Probe  
  26  8:35  Pylon  
  26  8:41  Probe  
  27  8:43  Probe  
  26  9:01  Probe  
  26  9:18  Probe (Chrono Boost)  
  27  9:27  Probe (Chrono Boost)  
  28  9:32  Probe (Chrono Boost)  
  28  9:38  Probe (Chrono Boost)  
  30  9:41  Probe (Chrono Boost)  
  30  9:44  Probe (Chrono Boost)  
  32  9:54  Probe  
  32  9:59  Probe  
  34  10:00  Pylon  
  35  10:07  Probe (Chrono Boost)  
  35  10:11  Probe (Chrono Boost)  
  36  10:19  Probe (Chrono Boost)  
  37  10:24  Stalker  
  37  10:25  Probe (Chrono Boost)  
  37  10:28  Probe (Chrono Boost)  
  41  10:32  Blink (Chrono Boost), Probe  
  42  10:38  Probe  
  42  10:40  Observer  
  44  10:45  Stalker  
  46  10:56  Probe x2  
  48  11:02  Stalker  
  50  11:08  Probe x2  
  52  11:18  Assimilator  
  52  11:20  Probe  
  52  11:21  Assimilator  
  53  11:26  Stalker  
  53  11:27  Stalker  
  57  11:59  Nexus  
  57  12:07  Phoenix (Chrono Boost)  
  59  12:14  Pylon  
  59  12:15  Stalker  
  59  12:16  Stalker  
  59  12:17  Pylon  
  63  12:23  Phoenix (Chrono Boost)  
  63  12:27  Photon Cannon  
  65  12:39  Probe x2, Stargate  
  67  12:51  Probe x2  
  69  13:02  Stalker  
  69  13:03  Stalker x2, Probe  
  76  13:32  Robotics Bay  
  76  13:34  Robotics Facility  
  76  13:37  Probe  
  77  13:43  Assimilator  
  77  13:48  Assimilator  
  77  13:49  Probe  
  77  13:58  Pylon  
  77  14:02  Probe  
  76  14:14  Probe  
  37  14:25  Stalker  
  37  14:26  Stalker x3, Probe  
  37  14:27  Stalker x2  
  50  14:36  Colossus  
  38  14:50  Zealot  
  38  14:51  Zealot x3  
  38  14:52  Zealot  
  54  14:53  Zealot  
  40  15:14  Stalker x3  
  40  15:15  Stalker  
Show
View Real Time Build Order
Export as new Build Order

NephrenKa Terran 

Build Orders:  

Get SALT Encoding   

  12  0:00  SCV  
  13  0:12  SCV  
  14  0:20  Supply Depot  
  14  0:24  SCV  
  15  0:42  SCV  
  16  0:43  Barracks  
  16  0:54  SCV, Refinery  
  17  1:04  Refinery  
  17  1:06  SCV  
  17  1:11  Refinery  
  17  1:18  SCV  
  18  1:30  Supply Depot  
  18  1:31  Orbital Command  
  18  1:40  Marine  
  19  1:49  Factory  
  19  1:57  SCV  
  20  2:07  Barracks Tech Lab  
  20  2:09  SCV  
  20  2:14  Supply Depot  
  21  2:21  SCV  
  22  2:36  Barracks  
  22  2:37  Barracks Tech Lab  
  22  2:38  SCV  
  22  2:41  Supply Depot  
  23  2:45  Siege Tank  
  23  2:50  SCV  
  27  2:56  Marauder  
  29  3:05  Barracks  
  29  3:17  Marine  
  30  3:23  Marine  
  31  3:34  Siege Tank  
  31  3:35  Marauder  
  36  3:41  Marine  
  36  3:43  Stimpack  
  37  3:55  Supply Depot  
  37  3:56  Marine  
  37  3:59  Marine  
  37  4:00  Marine  
  40  4:06  Siege Tank  
  43  4:11  Supply Depot  
  43  4:14  Marine  
  44  4:17  Marine  
  44  4:18  Marine  
  46  4:32  Marine  
  46  4:34  Supply Depot  
  46  4:35  Marine  
  44  5:12  Marine x3  
  47  5:26  Siege Tank  
  50  5:30  Marine x3  
  40  5:48  Marine x3  
  40  5:49  Barracks  
  35  6:02  Command Center  
  35  6:05  Marine  
  35  6:06  Marine x2  
  35  6:07  Siege Tank  
  38  6:21  Engineering Bay  
  38  6:23  Marine  
  38  6:24  Marine x2  
  41  6:37  Marine  
  36  6:41  Marine x3  
  37  6:55  Marine  
  37  6:59  Marine x3  
  41  7:04  Missile Turret  
  41  7:08  Missile Turret  
  41  7:10  Missile Turret  
  41  7:12  Missile Turret  
  41  7:13  Marine  
  40  7:17  Marine x3  
  39  7:31  Marine  
  39  7:35  SCV, Marine, Refinery  
  42  7:57  Combat Shield  
  42  8:06  Missile Turret  
  42  8:12  Orbital Command  
  42  8:14  SCV  
  43  8:35  SCV  
  43  8:37  Missile Turret  
  43  8:39  Cyclone  
  46  8:44  Missile Turret  
  46  8:47  SCV  
  47  8:48  Marine  
  47  8:54  Marauder  
  43  9:20  Concussive Shells  
  43  9:25  Terran Infantry Weapons Level 1, SCV x2  
  43  9:28  Starport  
  43  9:29  Refinery  
  45  9:36  Barracks Reactor  
  45  9:37  SCV x2  
  47  9:49  SCV x2  
  49  9:55  Missile Turret  
  49  10:01  SCV x2  
  49  10:04  Starport Reactor  
  51  10:12  Barracks Reactor  
  51  10:13  SCV x2  
  53  10:16  Starport  
  55  10:21  Siege Tank  
  55  10:25  SCV x2  
  57  10:28  Factory  
  57  10:37  SCV x2  
  57  10:40  Medivac  
  57  10:41  Medivac  
  63  10:49  SCV  
  65  10:50  SCV  
  65  10:55  Starport Reactor  
  65  10:59  Supply Depot  
  65  11:03  Siege Tank  
  68  11:04  Marine x3  
  68  11:10  Medivac  
  73  11:19  Terran Infantry Armor Level 1  
  73  11:22  Command Center  
  73  11:27  Medivac  
  73  11:29  Marauder  
  77  11:34  Marine  
  77  11:37  Factory  
  79  11:47  SCV x2  
  79  11:51  Medivac  
  76  11:59  SCV x2  
  74  12:04  Medivac, Viking  
  74  12:06  Marine x2, Marauder  
  82  12:10  Refinery  
  82  12:11  SCV  
  82  12:14  Missile Turret  
  83  12:19  Marine x2  
  85  12:24  SCV x2  
  87  12:35  Factory  
  87  12:36  Factory Tech Lab  
  87  12:40  Missile Turret  
  87  12:42  Orbital Command  
  87  12:45  SCV  
  87  12:50  SCV  
  89  12:55  Marauder  
  89  12:57  SCV  
  92  12:59  Marine x3  
  92  13:02  SCV  
  96  13:09  SCV  
  91  13:17  Marauder  
  91  13:18  Siege Tank x2  
  99  13:21  Factory Tech Lab  
  99  13:22  Marine x3  
  102  13:27  Refinery  
  102  13:38  Marauder  
  104  13:50  Siege Tank  
  107  13:58  Marine  
  107  13:59  Marine  
  109  14:11  Marine  
  109  14:12  Marine x2  
  109  14:14  Marauder  
  109  14:16  Marine x2  
  68  14:25  Cyclone x2  
  68  14:26  Cyclone  
  68  14:29  Marine  
  68  14:30  Marine x2, Medivac  
  75  14:34  Marine x2  
  75  14:35  Marine  
  65  14:47  Marine, Medivac  
  65  14:48  Marine x2  
  65  14:52  Marine x2  
  72  14:53  Marine  
  72  14:54  Medivac  
  72  14:57  Siege Tank  
  73  15:04  Marine  
  73  15:05  Marine  
  73  15:06  Marine  
  71  15:10  Marine x2  
  71  15:11  Marauder  
  65  15:22  Marine  
  65  15:23  Marine  
  65  15:24  Marine  
  65  15:27  Marine  
  65  15:28  Marine  
  61  15:30  SCV x2  
Show
View Real Time Build Order
Export as new Build Order

Ekelpack Zerg - Winner!

Build Orders: Hatch First 

Get SALT Encoding   

  12  0:01  Drone  
  13  0:12  Overlord  
  13  0:17  Drone  
  14  0:31  Drone  
  15  0:48  Hatchery  
  14  0:50  Drone  
  15  1:06  Spawning Pool  
  15  1:08  Drone  
  15  1:20  Drone x3  
  15  1:24  Extractor  
  17  1:34  Drone  
  18  1:43  Drone  
  19  1:54  Queen  
  19  2:00  Queen, Overlord  
  23  2:06  Drone  
  24  2:09  Drone  
  24  2:12  Drone  
  26  2:16  Drone  
  26  2:20  Extractor  
  26  2:22  Drone  
  27  2:26  Drone  
  28  2:33  Lair  
  28  2:42  Drone x2  
  30  2:47  Drone x2  
  32  2:54  Drone  
  32  2:56  Metabolic Boost  
  33  2:59  Queen  
  33  3:05  Drone  
  36  3:10  Overlord, Extractor  
  36  3:11  Drone  
  36  3:16  Drone, Extractor  
  36  3:26  Overlord  
  36  3:31  Drone x3  
  39  3:36  Zergling x4  
  41  3:42  Spire  
  40  3:49  Drone x2  
  40  3:52  Drone  
  43  3:56  Drone  
  44  4:05  Overlord  
  44  4:09  Drone  
  45  4:28  Overlord  
  45  4:31  Drone x3  
  46  4:57  Mutalisk x5  
  46  4:58  Mutalisk x3  
  46  4:59  Zergling x8  
  56  5:10  Zerg Flyer Weapons Level 1  
  56  5:11  Zergling x2  
  44  5:38  Mutalisk x2  
  48  5:45  Drone  
  49  6:00  Hatchery  
  49  6:02  Queen  
  50  6:09  Overlord  
  50  6:45  Zergling x6  
  53  6:52  Queen  
  55  7:04  Zergling x2  
  55  7:06  Zerg Flyer Weapons Level 2  
  55  7:22  Drone  
  55  7:23  Drone x6  
  61  7:44  Overlord  
  61  7:45  Overlord x3  
  61  7:50  Extractor  
  60  7:55  Drone  
  60  7:56  Overlord  
  61  8:08  Hatchery  
  61  8:11  Drone x3  
  61  8:12  Mutalisk x2  
  67  8:23  Mutalisk x4  
  75  8:38  Zergling x6  
  78  8:56  Zergling x6  
  78  8:57  Zergling x6  
  84  9:14  Zergling x4  
  86  9:31  Queen  
  88  9:33  Zergling x8  
  88  9:34  Zergling x4  
  94  9:42  Extractor  
  93  9:45  Extractor  
  93  9:46  Hydralisk Den  
  93  9:49  Evolution Chamber  
  93  9:50  Evolution Chamber  
  89  9:55  Drone x3  
  89  9:56  Overlord x5  
  92  10:05  Drone  
  92  10:06  Drone x2  
  95  10:17  Pneumatized Carapace  
  95  10:19  Zerg Ground Armor Level 1, Zerg Missile Weapons Level 1  
  95  10:21  Hydralisk x2  
  95  10:22  Hydralisk x4  
  107  10:57  Hydralisk x2  
  107  10:58  Hydralisk x7  
  107  11:01  Drone  
  107  11:02  Drone  
  127  11:04  Grooved Spines  
  127  11:23  Hatchery  
  126  11:38  Hydralisk x4  
  126  11:39  Hydralisk  
  136  11:40  Overlord  
  134  12:11  Overlord x2  
  134  12:12  Hydralisk x5  
  134  12:13  Hydralisk  
  134  12:14  Zerg Missile Weapons Level 2  
  146  12:30  Muscular Augments  
  146  12:31  Zerg Ground Armor Level 2  
  146  13:21  Hydralisk, Mutalisk x2  
  146  13:22  Hydralisk x7  
  146  13:23  Hydralisk x5  
  176  13:32  Drone x3  
  159  14:05  Hydralisk x2  
  159  14:06  Hydralisk x4  
  171  14:16  Hydralisk  
  171  14:17  Hydralisk x6  
  140  14:39  Infestation Pit  
  130  14:55  Hydralisk x5  
  130  14:56  Hydralisk x2  
  126  15:16  Zergling x6  
  126  15:17  Zergling x12  
  135  15:24  Drone x5  
  135  15:27  Extractor  
Show
View Real Time Build Order
Export as new Build Order

Nyck Terran - Winner!

Build Orders: 2 Factory 

Get SALT Encoding   

  12  0:01  SCV  
  13  0:13  SCV  
  14  0:17  Supply Depot  
  14  0:25  SCV  
  15  0:39  SCV  
  15  0:41  Barracks  
  16  0:51  SCV  
  17  1:03  SCV  
  18  1:15  SCV  
  19  1:24  Refinery  
  19  1:34  Command Center  
  19  1:37  Orbital Command  
  19  2:06  SCV  
  20  2:11  Refinery  
  20  2:18  SCV  
  20  2:19  Supply Depot  
  21  2:28  Factory  
  21  2:30  SCV  
  22  2:43  Barracks Reactor  
  22  2:49  Orbital Command, Refinery  
  22  2:51  Refinery  
  22  2:53  SCV  
  23  3:05  SCV  
  24  3:06  Factory  
  24  3:16  SCV  
  24  3:17  SCV  
  26  3:22  Factory  
  26  3:28  SCV  
  26  3:29  SCV  
  28  3:38  Hellion  
  28  3:39  Hellion  
  28  3:40  SCV  
  33  3:41  SCV  
  34  3:51  Factory Tech Lab  
  34  3:52  SCV  
  34  3:54  SCV  
  36  4:00  Hellion x2  
  40  4:04  SCV  
  40  4:06  SCV  
  40  4:09  Hellion x2  
  46  4:22  SCV x2  
  46  4:23  Supply Depot  
  48  4:29  Infernal Pre-Igniter  
  48  4:34  SCV x2, Armory  
  50  4:39  Armory  
  50  4:40  Engineering Bay  
  50  4:43  Engineering Bay  
  50  4:46  Supply Depot  
  50  4:51  Hellion x2  
  38  5:28  Hellion  
  38  5:29  Hellion x2  
  38  5:34  Hellion  
  36  5:40  Supply Depot  
  31  5:50  Hellion x3  
  31  5:54  SCV x2  
  31  5:56  Hellion  
  43  6:11  Hellion x2  
  33  7:04  Hellion  
  33  7:05  Hellion x3  
  35  7:11  SCV  
  35  7:12  SCV  
  35  7:15  Terran Vehicle And Ship Armor Level 1  
  33  7:16  Terran Ship Weapons Level 1  
  33  7:17  Terran Infantry Weapons Level 1  
  33  7:18  Terran Infantry Armor Level 1  
  33  7:24  SCV x2  
  33  7:26  Hellion x2  
  41  7:30  Hellion  
  41  7:36  SCV x2  
  43  7:44  Hellion  
  45  7:48  SCV x2  
  47  8:00  SCV x2  
  47  8:01  Command Center  
  49  8:07  Smart Servos  
  49  8:12  SCV x2  
  51  8:15  Refinery  
  51  8:30  SCV x2  
  53  8:42  SCV  
  53  8:43  SCV  
  41  9:17  Hellion  
  41  9:19  Factory Reactor  
  41  9:20  Terran Vehicle And Ship Armor Level 2  
  41  9:21  Terran Ship Weapons Level 2  
  41  9:24  Siege Tank  
  41  9:27  SCV x2  
  46  9:45  Hellion x2  
  50  9:49  Terran Infantry Weapons Level 2  
  50  9:50  Terran Infantry Armor Level 2  
  50  9:54  Starport  
  50  9:56  Siege Tank  
  53  10:01  Starport  
  53  10:02  Starport  
  53  10:03  Starport  
  53  10:05  SCV x2  
  55  10:17  SCV x2  
  57  10:24  Hellion x2  
  57  10:25  Refinery, Hellion x2  
  65  10:28  Siege Tank  
  65  10:29  SCV x2  
  65  10:32  Armory  
  65  10:33  SCV  
  71  10:41  SCV  
  72  10:44  Fusion Core  
  72  10:45  Starport Tech Lab  
  72  10:46  Starport Tech Lab x3  
  72  10:56  Orbital Command  
  72  11:01  Refinery  
  72  11:02  SCV x2  
  74  11:18  SCV x2  
  74  11:20  Terran Vehicle Weapons Level 1  
  74  11:24  SCV  
  77  11:30  SCV x2  
  79  11:36  SCV  
  80  11:42  SCV  
  80  11:43  SCV  
  82  11:49  Weapon Refit  
  82  11:50  SCV  
  82  11:51  Command Center  
  83  12:18  SCV x3  
  86  12:23  Battlecruiser  
  86  12:28  Battlecruiser x2  
  86  12:29  Battlecruiser  
  110  12:30  SCV x3  
  113  12:42  SCV x3  
  116  12:58  SCV x3  
  109  13:27  Battlecruiser  
  109  13:28  SCV x2  
  109  13:29  SCV  
  109  13:32  Battlecruiser  
  109  13:33  Battlecruiser x2  
  136  13:41  SCV  
  136  13:42  SCV x2  
  135  14:08  Orbital Command  
  135  14:11  Unknown  
  135  14:44  SCV x4  
  139  14:50  Supply Depot  
  139  14:56  SCV  
  140  15:12  Supply Depot, SCV x2  
  148  15:34  Supply Depot, SCV  
Tags
 
Add a new tag
Caveats
  • Supply blocks, unpowered buildings, or Contaminate may cause inaccurate times.
  • Supply counts are checked every 10 seconds.